 Dungeon Crawl Stone Soup version 0.30.1-4-g462c640d31 (webtiles) character file.

Game seed: 5148880827741006478

361 Logoto the Firebug (level 6, 0/47 HPs)
             Began as a Draconian Fire Elementalist on Aug 17, 2023.
             Succumbed to an orc wizard's poison
             ... on level 3 of the Dungeon.
             The game lasted 00:11:45 (3217 turns).

Logoto the Firebug (Draconian Fire Elementalist)    Turns: 3217, Time: 00:11:46

Health: 0/47       AC:  7    Str: 12    XL:     6   Next: 38%
Magic:  2/11       EV: 12    Int: 16    God:
Gold:   155        SH:  0    Dex: 11    Spells: 8/11 levels left

rFire   . . .        f - +0 trident
rCold   . . .        (no shield)
rNeg    . . .        (body armour unavailable)
rPois   .            (helmet restricted)
rElec   .            (no cloak)
rCorr   .            o - +0 pair of gloves
SInv    .            (no boots)
Will    .....        (no amulet)
Stlth   ++           (no ring)
HPRegen 0.27/turn    (no ring)
MPRegen 0.12/turn

%: no passive effects
@: lethally poisoned (0 -> -26)
A: AC +6, unfitting armour, cold-blooded
a: no special abilities


You were on level 3 of the Dungeon.
You visited 1 branch of the dungeon, and saw 3 of its levels.

You collected 155 gold pieces.

Inventory:

Hand Weapons
 c - a +0 spear
 f - a +0 trident (weapon)
 j - a +0 flail of draining
Armour
 o - a +0 pair of gloves (worn)
Jewellery
 g - a +4 ring of protection
 n - a ring of positive energy
Scrolls
 b - 5 scrolls of identify {unknown}
 d - a scroll of enchant weapon {unknown}
 e - a scroll of noise {unknown}
 k - a scroll of fear {unknown}
 p - a scroll of teleportation {unknown}
Potions
 a - a potion of magic
 i - a potion of degeneration {unknown}
 l - 3 potions of curing {unknown}
 m - a potion of mutation {unknown}


   Skills:
 + Level 1.2 Fighting
 + Level 2.3 Polearms
 + Level 2.3 Dodging
 + Level 2.7 Stealth
 + Level 3.4 Spellcasting
 + Level 1.8 Conjurations
 + Level 4.6 Fire Magic


You had 8 spell levels left.
You knew the following spells:

 Your Spells              Type           Power      Damage    Failure   Level
a - Foxfire               Conj/Fire      52%        2x1d6     4%          1
b - Scorch                Fire           34%        2d6       4%          2

Your spell library contained the following spells:

 Spells                   Type           Power      Damage    Failure   Level
 Inner Flame              Hex/Fire       10%        N/A       21%         3
 Volatile Blastmotes      Fire/Tloc      20%        2d11      21%         3
 Flame Wave               Conj/Fire      13%        2d6       43%         4


Dungeon Overview and Level Annotations

Branches:
Dungeon (3/15)

Altars:


Innate Abilities, Weirdness & Mutations

Your plain brown scales are hard. (AC +6)
You cannot fit into any form of body armour.
You are cold-blooded and may be slowed by cold attacks.


Message History

* * * LOW HITPOINT WARNING * * *
You are lethally poisoned!
Your foxfire dissipates!
* * * LOW HITPOINT WARNING * * *
You feel very sick.
The foxfire hits something but does no damage.
* * * LOW HITPOINT WARNING * * *
You feel sick.
It was a potion of heal wounds.
You feel much better.
You feel sick. Something hits you but does no damage.
You are more poisoned.
Casting: Foxfire (safe; 4% risk of failure)
Confirm with . or Enter, or press ? or * to list all spells.
Flames lash the orc.
You kill the orc!
You feel very sick. Something hits you but does no damage.
You are lethally poisoned!
There is a lethal amount of poison in your body!
You feel much better.
You feel very sick. Something hits you.
You are more poisoned.
You start resting.
You feel extremely sick.
You hear some strange, mumbled words.
A puff of flame appears from out of thin air!
The puff of flame hits you.
You feel very sick. Something hits you.
You see here an adder corpse.
* * * LOW HITPOINT WARNING * * *
You feel very sick. Something hits you but does no damage.
You are more poisoned.
* * * LOW HITPOINT WARNING * * *
You feel very sick. Something hits you but does no damage.
You are more poisoned.
You die...

# ##.## # ##...## ##### #
####.....###########...# #
#............)#.........# #
#..##...................# #
#..###...#.##†#.######.######## #
#..# ##.##.##.#........)..)).B. #
#..# #.##.##.#..#####...B.....
###..####.##.##.@..#####.#######.
..........##.............# .
###))##### #.####.######## #.#..#
#......# .....##### ########
.......[... ....####### #.#.#
#.#.#


There were no monsters in sight!

Vanquished Creatures
  2 ogres (D:3)
  An orc wizard (D:3)
  A gnoll (D:1)
  5 adders
  4 worms
  3 dart slugs
  7 orcs (D:3)
  4 ball pythons
  6 bats
  6 endoplasms (D:1)
  2 giant cockroaches
  6 goblins
  6 hobgoblins
  11 jackals
  4 frilled lizards
  10 kobolds
  6 rats
84 creatures vanquished.

Vanquished Creatures (others)
  97 foxfires
97 creatures vanquished.

Grand Total: 181 creatures vanquished

Notes
Turn   | Place    | Note
-------+----------+-------------------------------------------
     0 | D:1      | Logoto the Draconian Fire Elementalist began the quest for
                  | the Orb.
     0 | D:1      | Reached XP level 1. HP: 14/14 MP: 3/3
   194 | D:1      | Reached XP level 2. HP: 20/20 MP: 0/5
   675 | D:1      | Reached XP level 3. HP: 23/26 MP: 6/6
   789 | D:1      | Learned a level 2 spell: Scorch
   849 | D:1      | Found a faded altar of an unknown god.
  1220 | D:2      | Reached skill level 1 in Polearms
  1464 | D:2      | Reached XP level 4. HP: 24/34 MP: 4/7
  2005 | D:2      | Reached skill level 4 in Fire Magic
  2402 | D:3      | Noticed an ogre
  2428 | D:3      | Killed an ogre
  2429 | D:3      | Reached skill level 1 in Fighting
  2429 | D:3      | Reached XP level 5. HP: 9/40 MP: 0/9
  2990 | D:3      | Noticed an ogre
  3007 | D:3      | Killed an ogre
  3008 | D:3      | Reached XP level 6. HP: 32/47 MP: 5/11
  3209 | D:3      | HP: 1/47 [poisoned by an orc wizard]
  3217 | D:3      | Succumbed to an orc wizard's poison

Illustrated notes

Levels and vault maps discovered:
D:1:      minmay_arrival_wavy_path, layout_loops_ring,
          ebering_ecumenical_altar_abandoned
D:2:      layout_loops_ring, grunt_ministairs_10
D:3:      layout_loops_ring, cheibrodos_sewer_entry_bend

Skill      XL: |  1  2  3  4  5 |
---------------+----------------+-----
Stealth        | 2 |  2.7
Dodging        | 2 |  2.3
Polearms       | 1 2 |  2.3
Fire Magic     | 4 |  4.6
Fighting       | 1 |  1.2
Spellcasting   | 3 |  3.4
Conjurations   | |  1.8

Action                     |  1- 3 |  4- 6 || total
---------------------------+-------+-------++-------
  Melee: Unarmed           |     1 |       ||     1
         Spear             |    37 |       ||    37
         Tailslap          |     9 |     8 ||    17
         Trident           |    25 |    79 ||   104
         Flail             |     6 |       ||     6
         Punch             |       |     2 ||     2
   Cast: Foxfire           |    37 |    47 ||    84
         Scorch            |     6 |    23 ||    29
    Use: Potion            |       |     2 ||     2
   Stab: Sleeping          |     8 |     3 ||    11
 Armour: Skin              |    32 |    30 ||    62
  Dodge: Dodged            |    77 |    63 ||   140
